Map: Kairos Junction LE

Players

Senryakku

  • Race: Terran Terran
  • League: Master
  • Spawn Location: 5:00

A.I. 1 (Very Easy) - Winner!

  • Race: Terran Terran
  • Spawn Location: 11:00

VOD

Have the link to the VOD?

Description

Time

  • Played on: May 19, 2019, 3:15 p.m.
  • Length: 8:01
Show
View Real Time Build Order
Export as new Build Order

Senryakku Terran 

Build Orders: Reaper Expand 

Get SALT Encoding   

  12  0:00  SCV  
  13  0:13  SCV  
  14  0:17  Supply Depot  
  14  0:25  SCV  
  15  0:39  SCV  
  15  0:41  Barracks  
  16  0:46  Refinery  
  16  0:51  SCV  
  17  1:03  SCV  
  18  1:15  SCV  
  19  1:28  Reaper  
  19  1:29  Orbital Command  
  20  1:45  Command Center  
  20  1:52  Supply Depot  
  20  1:56  SCV  
  21  2:07  Barracks Reactor  
  21  2:08  SCV  
  22  2:09  Refinery  
  22  2:20  SCV  
  23  2:22  Factory  
  23  2:32  SCV  
  24  2:43  Marine x2  
  26  2:44  SCV  
  27  2:56  SCV, Orbital Command  
  28  3:01  Marine x2  
  30  3:06  Factory Tech Lab  
  30  3:07  Starport  
  30  3:09  SCV  
  30  3:11  Orbital Command  
  31  3:18  Marine  
  31  3:19  Marine  
  33  3:24  SCV  
  34  3:29  Siege Tank  
  37  3:36  SCV  
  37  3:37  SCV  
  37  3:38  Marine x2  
  41  3:42  Supply Depot  
  41  3:46  Starport Tech Lab  
  41  3:48  SCV  
  41  3:49  SCV  
  43  3:56  Marine x2  
  43  4:02  SCV  
  46  4:04  SCV  
  46  4:05  Supply Depot  
  46  4:08  Cloaking Field, Banshee  
  46  4:09  Supply Depot  
  50  4:14  Marine x2  
  50  4:15  SCV  
  53  4:17  SCV  
  54  4:27  Siege Tank  
  54  4:28  SCV  
  54  4:29  SCV, Supply Depot  
  54  4:30  Engineering Bay  
  59  4:35  Marine x2  
  61  4:40  SCV  
  61  4:41  SCV  
  63  4:51  Banshee  
  66  4:53  Marine x2  
  69  5:00  SCV x2  
  69  5:01  Siege Tank  
  69  5:07  Barracks  
  73  5:08  Refinery, Barracks  
  73  5:09  Refinery  
  73  5:10  Supply Depot  
  73  5:12  Supply Depot  
  73  5:13  Marine  
  73  5:14  Marine  
  75  5:20  SCV x2  
  77  5:25  Missile Turret  
  77  5:32  Marine x2  
  79  5:36  SCV x2  
  79  5:40  Terran Infantry Weapons Level 1  
  81  5:48  SCV x2  
  83  5:50  Marine x2  
  83  5:54  Supply Depot  
  85  6:00  Supply Depot  
  85  6:01  Starport Reactor, Factory Tech Lab  
  85  6:02  Combat Shield, Marine x2  
  87  6:10  Marine x2  
  89  6:16  Command Center  
  89  6:20  Siege Tank  
  89  6:22  Marauder x2  
  96  6:26  Supply Depot  
  96  6:27  Supply Depot  
  96  6:29  Marine x2  
  98  6:43  Marauder x2  
  98  6:46  Marine  
  98  6:47  Marine  
  102  6:49  Supply Depot, Medivac x2  
  102  6:50  Supply Depot  
  102  6:52  Siege Tank  
  111  7:04  Marine x2  
  111  7:05  Marauder x2  
  117  7:13  Supply Depot x2  
  117  7:19  Medivac x2  
  121  7:23  Marine x2  
  121  7:24  Siege Tank  
  126  7:32  SCV x2  
  126  7:36  Marauder x2  
  132  7:39  Supply Depot  
  132  7:41  Supply Depot  
  132  7:42  Marine  
  132  7:43  Marine  
  134  7:44  SCV  
  134  7:45  SCV  
  138  7:56  Refinery  
  138  7:58  Refinery  
Show
View Real Time Build Order
Export as new Build Order

A.I. 1 (Very Easy) Terran - Winner!

Build Orders:  

Get SALT Encoding   

  12  0:00  SCV  
  13  0:13  SCV  
  14  0:18  Supply Depot  
  14  0:37  Refinery  
  14  0:41  Barracks  
  14  1:03  Supply Depot  
  14  1:12  Refinery  
  14  1:27  Marine  
  14  1:29  SCV  
  16  1:41  SCV  
  17  1:53  SCV  
  18  1:59  Marine  
  19  2:05  SCV  
  20  2:18  SCV  
  21  2:30  SCV  
  21  2:31  Marine  
  23  2:42  Orbital Command  
  22  5:43  SCV  
  22  5:48  Marine  
  22  5:50  Supply Depot  
  22  5:55  SCV  
  19  6:01  Factory  
  14  6:07  SCV  
  12  6:16  Marine  
  9  6:19  SCV  
  6  6:31  SCV  
  1  6:43  SCV  
  1  6:50  Marine  
  2  6:56  SCV  
  2  7:08  SCV  
  3  7:09  Barracks Tech Lab  
  1  7:20  SCV  
  1  7:27  Marine  
  2  7:32  SCV  
Tags
 
League
Master
Matchup
TvT
Race
Terran
Spawn Locations
Cross Positions
Add a new tag
Caveats
  • Supply blocks, unpowered buildings, or Contaminate may cause inaccurate times.
  • Supply counts are checked every 10 seconds.